cohdb
Replays
Latest Replays
All Replays
Popular Replays
Top Player Replays
Match Explorer
How It Works
Community
CoH3 Stats
Reddit
Sign in to upload your games and track your stats! →
Sign in with Steam
Match 42655529
Unlisted
Match 42655529
Overview
Messages
Build Orders
End
Kradschützen Motorcycle Team
Panzergrenadier Squad
Panzergrenadier Squad
Construct Light Support Kompanie
250 Light Carrier
Combat Half-tracks
Fire Support Elements
Flakvierling Half-track
Vehicle Survival Package
Selects Italian Infantry
Selects Guastatori Squad
Guastatori Squad
Panzerjäger Mechanized Group
Veteran Squad Leaders
Construct Panzerarmee Kommand
Panzer III L Medium Tank
Emergency Repair Kits
Selects Registered Artillery
Selects Towed Cannone da 105/28 Field Howitzer
Panzer III L Medium Tank
Thomsen
old tiger
Sarmynation
MIGO
0
0
Comments
sign in to comment!
No comments posted yet!